[ AOE2 MATCH · #483484274 ]
UnrankedPortuguese vs Franks
[ REPLAY ANALYSIS · EXTRACTED FROM THE RECORDED GAME ]
Feudal
—
Castle
—
Imperial
—
| APM avg | 10.4 |
| APM peak | 45 |
| eAPM avg | 7.4 |
| Villagers / military | 54 / 53 |
Focus
⚔️ 27.7% · 🌾 72.3%
Militia ×49 · Battering Ram ×4
Feudal
—
Castle
—
Imperial
—
| APM avg | 16.3 |
| APM peak | 42 |
| eAPM avg | 9.1 |
| Villagers / military | 95 / 119 |
Focus
⚔️ 36.7% · 🌾 63.3%
Knight ×62 · Conquistador ×37 · Missionary ×13 · Trade Cart ×7 · Spearman ×2 · Scout Cavalry ×2
Feudal
—
Castle
—
Imperial
—
| APM avg | 24.7 |
| APM peak | 190 |
| eAPM avg | 23.8 |
| Villagers / military | 140 / 71 |
Focus
⚔️ 9.1% · 🌾 90.9%
Spearman ×40 · Knight ×30 · Trade Cart ×6 · Monk ×1
Feudal
—
Castle
—
Imperial
—
| APM avg | 20.4 |
| APM peak | 69 |
| eAPM avg | 14.7 |
| Villagers / military | 101 / 143 |
Focus
⚔️ 38.9% · 🌾 61.1%
Spearman ×40 · Woad Raider ×36 · Scorpion ×34 · Knight ×14 · Skirmisher ×12 · Trade Cart ×5
Feudal
—
Castle
—
Imperial
—
| APM avg | 21.9 |
| APM peak | 108 |
| eAPM avg | 21.6 |
| Villagers / military | 75 / 187 |
Focus
⚔️ 29.0% · 🌾 71.0%
Spearman ×64 · Skirmisher ×42 · Scout Cavalry ×36 · Militia ×20 · Archer ×15 · Knight ×10
Feudal
—
Castle
—
Imperial
—
| APM avg | 16.0 |
| APM peak | 43 |
| eAPM avg | 8.9 |
| Villagers / military | 81 / 74 |
Focus
⚔️ 22.4% · 🌾 77.6%
Fire Lancer ×45 · Chu Ko Nu ×16 · Archer ×9 · Trade Cart ×9 · Spearman ×3 · Trebuchet (Packed) ×1
Feudal
—
Castle
—
Imperial
—
| APM avg | 21.1 |
| APM peak | 100 |
| eAPM avg | 20.6 |
| Villagers / military | 87 / 153 |
Focus
⚔️ 10.5% · 🌾 89.5%
Skirmisher ×74 · Spearman ×41 · Ballista Elephant ×37 · Trade Cart ×3 · Archer ×1
Feudal
—
Castle
—
Imperial
—
| APM avg | 19.9 |
| APM peak | 233 |
| eAPM avg | 16.7 |
| Villagers / military | 144 / 69 |
Focus
⚔️ 13.7% · 🌾 86.3%
Militia ×40 · Knight ×15 · Trade Cart ×8 · Petard ×5 · Mangudai ×5 · Steppe Lancer ×4
Match map
Initial resources + every placement click. Lines = walls · curves = elevation contours. ◆ gold · ⬟ stone · ● berries · ✦ relic · ◌ wall gap
Your base· Open — unwalled flank
ostiinn's base· Open — unwalled flank
FredDaddy's base· Open — unwalled flank
Himothy The II's base· Open — unwalled flank
AgentVENM300's base· Open — unwalled flank
Philbo's base· Open — unwalled flank
Schweats87's base· Open — unwalled flank
CrappyMike87's base· Open — unwalled flank
Smoothed initial terrain · ◌ = detected wall gap · hover for details
Inputs per minute
— Burger King - - ostiinn
Build order — Burger King
First 150 of 228 actions detected
| 0:09 | Create | Villager (Male) |
| 0:17 | Build | House |
| 0:40 | Create | Villager (Male) |
| 0:40 | Create | Villager (Male) |
| 0:40 | Create | Villager (Male) |
| 0:45 | Build | House |
| 1:21 | Build | House |
| 1:54 | Create | Villager (Male) |
| 1:57 | Build | House |
| 3:40 | Create | Villager (Male) |
| 3:55 | Create | Villager (Male) |
| 3:55 | Create | Villager (Male) |
| 3:55 | Create | Villager (Male) |
| 3:55 | Create | Villager (Male) |
| 3:56 | Create | Villager (Male) |
| 5:05 | Create | Villager (Male) |
| 6:12 | Research | Loom |
| 6:24 | Create | Villager (Male) |
| 6:52 | Create | Villager (Male) |
| 7:14 | Create | Villager (Male) |
| 7:51 | Create | Villager (Male) |
| 8:27 | Create | Villager (Male) |
| 8:33 | Build | Mill |
| 8:45 | Create | Villager (Male) |
| 9:20 | Create | Villager (Male) |
| 10:01 | Create | Villager (Male) |
| 10:05 | Build | Lumber Camp |
| 10:25 | Create | Villager (Male) |
| 11:05 | Build | Mining Camp |
| 11:07 | Create | Villager (Male) |
| 11:33 | Create | Villager (Male) |
| 11:37 | Research | Feudal Age |
| 12:11 | Build | House |
| 12:13 | Build | House |
| 12:15 | Build | House |
| 12:18 | Build | House |
| 12:20 | Build | House |
| 12:44 | Create | Villager (Male) |
| 12:45 | Create | Villager (Male) |
| 12:45 | Create | Villager (Male) |
| 14:25 | Research | Horse Collar |
| 14:31 | Research | Double-Bit Axe |
| 15:39 | Research | Wheelbarrow |
| 15:45 | Research | Gold Mining |
| 15:51 | Build | Stone Wall |
| 16:04 | Create | Villager (Male) |
| 16:18 | Build | Farm |
| 16:23 | Build | Farm |
| 16:28 | Build | Farm |
| 16:34 | Build | Farm |
| 16:40 | Build | Farm |
| 16:47 | Build | Farm |
| 16:53 | Build | Farm |
| 16:58 | Build | Farm |
| 17:17 | Build | Farm |
| 17:23 | Build | Stone Wall |
| 17:42 | Research | Town Watch |
| 18:49 | Create | Villager (Male) |
| 18:50 | Create | Villager (Male) |
| 19:10 | Build | Mining Camp |
| 19:22 | Build | Blacksmith |
| 19:40 | Build | Market |
| 19:59 | Create | Villager (Male) |
| 19:59 | Create | Villager (Male) |
| 20:20 | Build | Farm |
| 20:24 | Build | Farm |
| 20:29 | Research | Stone Mining |
| 20:32 | Create | Villager (Male) |
| 20:33 | Research | Castle Age |
| 20:42 | Build | Farm |
| 20:47 | Build | Farm |
| 23:48 | Research | Forging |
| 23:56 | Research | Stone Shaft Mining |
| 24:03 | Build | Town Center |
| 24:06 | Research | Hand Cart |
| 24:10 | Research | Heavy Plow |
| 24:12 | Research | Bow Saw |
| 24:26 | Create | Villager (Male) |
| 24:26 | Create | Villager (Male) |
| 24:38 | Create | Villager (Male) |
| 24:44 | Create | Villager (Male) |
| 25:13 | Create | Villager (Male) |
| 25:16 | Create | Villager (Male) |
| 25:22 | Create | Villager (Male) |
| 25:54 | Build | Lumber Camp |
| 26:36 | Build | Castle |
| 26:48 | Create | Villager (Male) |
| 26:54 | Create | Villager (Male) |
| 27:07 | Create | Villager (Male) |
| 27:19 | Build | Farm |
| 27:24 | Create | Villager (Male) |
| 27:25 | Create | Villager (Male) |
| 27:25 | Create | Villager (Male) |
| 27:28 | Create | Villager (Male) |
| 27:29 | Create | Villager (Male) |
| 27:42 | Build | Farm |
| 28:12 | Build | Farm |
| 28:18 | Build | Farm |
| 28:24 | Create | Villager (Male) |
| 28:28 | Create | Villager (Male) |
| 28:33 | Build | Farm |
| 28:48 | Build | Stone Wall |
| 28:59 | Build | Gate |
| 29:07 | Build | Stone Wall |
| 29:24 | Build | Castle |
| 29:40 | Build | Farm |
| 29:48 | Create | Villager (Male) |
| 29:48 | Create | Villager (Male) |
| 29:48 | Create | Villager (Male) |
| 29:52 | Create | Villager (Male) |
| 29:52 | Create | Villager (Male) |
| 30:10 | Build | Stone Wall |
| 30:16 | Research | Fletching |
| 30:22 | Build | Farm |
| 30:47 | Research | Bodkin Arrow |
| 30:50 | Build | Farm |
| 31:07 | Build | Farm |
| 31:10 | Research | Imperial Age |
| 31:30 | Build | University |
| 31:36 | Build | House |
| 31:37 | Build | House |
| 31:38 | Build | House |
| 31:40 | Build | House |
| 31:41 | Build | House |
| 31:42 | Build | House |
| 31:43 | Build | House |
| 31:44 | Build | House |
| 31:44 | Build | House |
| 31:46 | Build | House |
| 31:47 | Build | House |
| 32:40 | Research | Town Patrol |
| 32:46 | Research | Town Patrol |
| 32:59 | Research | Fortified Wall (upgrade) |
| 33:01 | Research | Treadmill Crane |
| 33:03 | Research | Murder Holes |
| 33:04 | Research | Ballistics |
| 34:12 | Build | Lumber Camp |
| 34:26 | Research | Crop Rotation |
| 34:30 | Research | Two-Man Saw |
| 34:35 | Research | Bracer |
| 35:16 | Build | Barracks |
| 35:18 | Build | Barracks |
| 35:19 | Build | Barracks |
| 35:21 | Build | Barracks |
| 35:35 | Research | Iron Casting |
| 35:36 | Research | Scale Mail Armor |
| 35:49 | Build | Feitoria |
| 35:56 | Build | House |
| 35:57 | Build | House |
| 35:59 | Build | House |
Build order — ostiinn
First 150 of 230 actions detected
| 0:05 | Research | Loom |
| 0:06 | Create | Villager (Male) ×4 |
| 0:10 | Build | House |
| 0:18 | Build | House |
| 0:20 | Build | House |
| 0:24 | Build | House |
| 1:41 | Build | Lumber Camp |
| 1:54 | Create | Villager (Male) |
| 2:14 | Create | Villager (Male) |
| 2:14 | Create | Villager (Male) |
| 2:47 | Create | Villager (Male) |
| 3:26 | Create | Villager (Male) |
| 3:27 | Create | Villager (Male) |
| 4:01 | Create | Villager (Male) |
| 4:42 | Create | Villager (Male) |
| 4:42 | Create | Villager (Male) |
| 5:08 | Create | Villager (Male) |
| 5:08 | Create | Villager (Male) |
| 5:09 | Create | Villager (Male) |
| 5:16 | Build | Mill |
| 5:44 | Create | Villager (Male) |
| 6:28 | Create | Villager (Male) |
| 6:28 | Create | Villager (Male) |
| 6:48 | Create | Villager (Male) |
| 7:33 | Create | Villager (Male) |
| 7:33 | Create | Villager (Male) |
| 7:56 | Build | Mining Camp |
| 8:34 | Create | Villager (Male) |
| 8:34 | Create | Villager (Male) |
| 9:28 | Create | Villager (Male) |
| 9:38 | Build | Barracks |
| 10:02 | Build | House |
| 10:04 | Build | House |
| 10:07 | Build | House |
| 10:32 | Research | Feudal Age |
| 11:44 | Build | House |
| 11:46 | Build | House |
| 12:55 | Build | Market |
| 13:03 | Build | Blacksmith |
| 13:38 | Build | Stone Wall |
| 13:52 | Build | Gate |
| 14:01 | Build | Mill |
| 14:13 | Build | Market |
| 14:22 | Research | Castle Age |
| 15:21 | Build | House |
| 15:22 | Build | House |
| 15:38 | Build | House |
| 15:41 | Build | House |
| 15:43 | Build | House |
| 15:43 | Build | House |
| 15:44 | Build | House |
| 15:56 | Create | Spearman |
| 15:56 | Create | Spearman |
| 17:01 | Build | Farm |
| 17:01 | Build | Farm |
| 17:01 | Build | Farm |
| 17:01 | Build | Farm |
| 17:02 | Build | Farm |
| 17:02 | Build | Farm |
| 17:06 | Research | Horse Collar |
| 18:08 | Build | Town Center |
| 18:26 | Build | House |
| 18:27 | Build | House |
| 18:32 | Create | Villager (Male) |
| 18:32 | Create | Villager (Male) |
| 18:50 | Research | Wheelbarrow |
| 19:08 | Build | Mining Camp |
| 19:13 | Create | Villager (Male) |
| 19:14 | Create | Villager (Male) |
| 19:29 | Create | Villager (Male) |
| 19:44 | Build | Stone Wall |
| 19:47 | Create | Villager (Male) |
| 19:47 | Create | Villager (Male) |
| 19:47 | Create | Villager (Male) |
| 20:22 | Create | Villager (Male) |
| 20:22 | Create | Villager (Male) |
| 20:32 | Build | Stable |
| 20:41 | Create | Villager (Male) |
| 20:42 | Create | Villager (Male) ×5 |
| 21:29 | Build | Stable |
| 21:31 | Create | Knight |
| 21:41 | Build | House |
| 21:42 | Build | House |
| 21:52 | Build | Stone Wall |
| 21:58 | Build | Gate |
| 22:02 | Create | Knight |
| 22:10 | Create | Villager (Male) |
| 22:19 | Create | Knight |
| 22:47 | Build | Farm |
| 22:47 | Build | Farm |
| 22:47 | Build | Farm |
| 22:53 | Create | Knight |
| 23:09 | Create | Trade Cart |
| 23:26 | Create | Scout Cavalry |
| 23:26 | Create | Scout Cavalry |
| 23:43 | Research | Heavy Plow |
| 23:48 | Create | Knight |
| 24:18 | Create | Knight |
| 24:23 | Create | Villager (Male) ×2 |
| 24:36 | Create | Villager (Male) |
| 24:56 | Create | Villager (Male) ×2 |
| 25:25 | Create | Villager (Male) |
| 25:48 | Build | Mining Camp |
| 25:59 | Create | Knight ×2 |
| 26:20 | Build | Farm |
| 26:21 | Build | Farm |
| 26:21 | Build | Farm |
| 26:21 | Build | Farm |
| 26:21 | Build | Farm |
| 26:22 | Build | Farm |
| 26:22 | Build | Farm |
| 26:22 | Build | Farm |
| 26:22 | Build | Farm |
| 26:23 | Build | Farm |
| 26:23 | Build | Farm |
| 26:23 | Build | Farm |
| 26:23 | Build | Farm |
| 26:25 | Create | Villager (Male) ×2 |
| 27:31 | Create | Knight ×4 |
| 28:21 | Build | Farm |
| 28:22 | Build | Farm |
| 28:22 | Build | Farm |
| 28:41 | Research | Husbandry |
| 28:59 | Research | Gold Mining |
| 29:03 | Create | Villager (Male) ×5 |
| 31:06 | Build | Castle |
| 31:38 | Build | Monastery |
| 31:49 | Build | University |
| 32:01 | Create | Villager (Male) ×5 |
| 32:05 | Create | Villager (Male) ×5 |
| 32:35 | Research | Imperial Age |
| 33:03 | Research | Scale Barding Armor |
| 33:04 | Research | Forging |
| 33:11 | Create | Missionary |
| 33:12 | Create | Missionary |
| 33:12 | Create | Missionary |
| 33:16 | Create | Knight |
| 33:16 | Create | Knight |
| 33:18 | Research | Bloodlines |
| 33:31 | Build | Mining Camp |
| 33:33 | Create | Villager (Male) ×5 |
| 33:45 | Research | Double-Bit Axe |
| 33:51 | Research | Stone Mining |
| 33:54 | Create | Conquistador |
| 34:01 | Create | Trade Cart |
| 34:01 | Create | Trade Cart |
| 34:18 | Create | Missionary |
| 34:38 | Build | Stable |
| 34:48 | Create | Villager (Male) ×5 |
| 35:04 | Build | Lumber Camp |
Build order — FredDaddy
First 150 of 341 actions detected
| 0:09 | Build | House |
| 0:12 | Build | House |
| 0:14 | Build | House |
| 1:02 | Research | Loom |
| 1:03 | Create | Villager (Male) |
| 1:04 | Create | Villager (Male) |
| 1:04 | Create | Villager (Male) |
| 1:05 | Create | Villager (Male) |
| 2:40 | Create | Villager (Male) |
| 2:40 | Create | Villager (Male) |
| 3:05 | Create | Villager (Male) |
| 3:05 | Create | Villager (Male) |
| 3:32 | Create | Villager (Male) |
| 3:32 | Create | Villager (Male) |
| 4:02 | Create | Villager (Male) |
| 4:02 | Create | Villager (Male) |
| 4:21 | Create | Villager (Male) |
| 4:21 | Create | Villager (Male) |
| 4:43 | Create | Villager (Male) |
| 4:43 | Create | Villager (Male) |
| 5:04 | Create | Villager (Male) |
| 5:04 | Create | Villager (Male) |
| 6:15 | Create | Villager (Male) ×5 |
| 6:15 | Create | Villager (Male) |
| 6:55 | Build | House |
| 6:59 | Build | House |
| 7:04 | Build | House |
| 7:19 | Create | Villager (Male) ×3 |
| 7:40 | Create | Villager (Male) ×2 |
| 7:40 | Create | Villager (Male) |
| 8:05 | Build | Mill |
| 8:33 | Create | Villager (Male) |
| 8:33 | Create | Villager (Male) |
| 9:35 | Create | Villager (Male) |
| 9:35 | Create | Villager (Male) |
| 10:51 | Create | Villager (Male) ×10 |
| 10:51 | Create | Villager (Male) |
| 12:25 | Build | Lumber Camp |
| 13:18 | Research | Feudal Age |
| 13:39 | Build | Farm |
| 13:39 | Build | Farm |
| 13:40 | Build | Farm |
| 13:40 | Build | Farm |
| 13:40 | Build | Farm |
| 13:40 | Build | Farm |
| 13:40 | Build | Farm |
| 14:33 | Create | Villager (Male) ×6 |
| 14:33 | Create | Villager (Male) |
| 15:47 | Research | Wheelbarrow |
| 15:53 | Build | Farm |
| 15:53 | Build | Farm |
| 15:53 | Build | Farm |
| 15:53 | Build | Farm |
| 15:53 | Build | Farm |
| 15:53 | Build | Farm |
| 15:53 | Build | Farm |
| 15:53 | Build | Farm |
| 15:53 | Build | Farm |
| 15:53 | Build | Farm |
| 15:53 | Build | Farm |
| 15:54 | Build | Farm |
| 15:54 | Build | Farm |
| 15:54 | Build | Farm |
| 15:54 | Build | Farm |
| 15:54 | Build | Farm |
| 15:54 | Build | Farm |
| 15:54 | Build | Farm |
| 16:41 | Create | Villager (Male) ×2 |
| 16:42 | Create | Villager (Male) |
| 17:08 | Build | Mining Camp |
| 17:28 | Build | Farm |
| 17:28 | Build | Farm |
| 17:28 | Build | Farm |
| 17:28 | Build | Farm |
| 17:28 | Build | Farm |
| 17:28 | Build | Farm |
| 17:28 | Build | Farm |
| 17:28 | Build | Farm |
| 17:28 | Build | Farm |
| 17:28 | Build | Farm |
| 17:28 | Build | Farm |
| 17:28 | Build | Farm |
| 17:28 | Build | Farm |
| 17:28 | Build | Farm |
| 17:29 | Create | Villager (Male) ×2 |
| 17:29 | Create | Villager (Male) |
| 17:33 | Build | Farm |
| 17:52 | Build | Farm |
| 17:52 | Build | Farm |
| 17:52 | Build | Farm |
| 17:52 | Build | Farm |
| 17:52 | Build | Farm |
| 17:52 | Build | Farm |
| 17:52 | Build | Farm |
| 17:52 | Build | Farm |
| 17:52 | Build | Farm |
| 17:52 | Build | Farm |
| 17:52 | Build | Farm |
| 17:52 | Build | Farm |
| 17:52 | Build | House |
| 17:54 | Build | House |
| 17:56 | Build | House |
| 17:58 | Build | Farm |
| 18:02 | Build | House |
| 18:17 | Build | Farm |
| 18:17 | Build | Farm |
| 18:17 | Build | Farm |
| 18:17 | Build | Farm |
| 18:17 | Build | Farm |
| 18:17 | Build | Farm |
| 18:17 | Build | Farm |
| 18:17 | Build | Farm |
| 18:17 | Build | Farm |
| 18:23 | Build | Farm |
| 18:35 | Create | Villager (Male) ×2 |
| 18:35 | Create | Villager (Male) |
| 18:42 | Build | Farm |
| 18:42 | Build | Farm |
| 18:42 | Build | Farm |
| 18:42 | Build | Farm |
| 18:42 | Build | Farm |
| 18:42 | Build | Farm |
| 18:42 | Build | Farm |
| 18:42 | Build | Farm |
| 18:52 | Build | Farm |
| 19:07 | Build | Farm |
| 19:07 | Build | Farm |
| 19:07 | Build | Farm |
| 19:07 | Build | Farm |
| 19:07 | Build | Farm |
| 19:07 | Build | Farm |
| 19:07 | Build | Farm |
| 19:17 | Build | Farm |
| 19:31 | Build | Farm |
| 19:31 | Build | Farm |
| 19:31 | Build | Farm |
| 19:31 | Build | Farm |
| 19:31 | Build | Farm |
| 19:33 | Create | Villager (Male) ×2 |
| 19:33 | Create | Villager (Male) |
| 19:42 | Build | Farm |
| 19:48 | Research | Gold Mining |
| 19:56 | Build | Farm |
| 19:56 | Build | Farm |
| 19:56 | Build | Farm |
| 19:56 | Build | Farm |
| 20:07 | Build | Farm |
| 20:08 | Create | Villager (Male) |
| 20:12 | Research | Double-Bit Axe |
| 20:15 | Build | Farm |
Build order — Himothy The II
First 150 of 376 actions detected
| 0:03 | Build | House |
| 0:04 | Create | Villager (Male) |
| 0:05 | Create | Villager (Male) |
| 0:05 | Create | Villager (Male) |
| 0:06 | Build | House |
| 0:07 | Create | Villager (Male) |
| 1:49 | Build | Lumber Camp |
| 1:51 | Create | Villager (Male) |
| 2:05 | Create | Villager (Male) |
| 2:50 | Create | Villager (Male) |
| 3:33 | Create | Villager (Male) |
| 3:33 | Create | Villager (Male) |
| 4:06 | Build | House |
| 4:28 | Build | House |
| 4:42 | Create | Villager (Male) |
| 4:59 | Build | Mill |
| 5:07 | Create | Villager (Male) |
| 5:23 | Create | Villager (Male) |
| 5:23 | Create | Villager (Male) |
| 6:29 | Create | Villager (Male) |
| 6:46 | Create | Villager (Male) |
| 7:04 | Build | Farm |
| 7:08 | Build | Farm |
| 7:20 | Create | Villager (Male) |
| 7:23 | Create | Villager (Male) |
| 7:28 | Build | Lumber Camp |
| 7:56 | Create | Villager (Male) |
| 8:11 | Build | Farm |
| 8:27 | Create | Villager (Male) |
| 8:43 | Build | House |
| 9:02 | Create | Villager (Male) |
| 9:03 | Create | Villager (Male) |
| 9:03 | Create | Villager (Male) |
| 9:33 | Build | Mining Camp |
| 9:59 | Research | Feudal Age |
| 10:50 | Create | Villager (Male) |
| 10:53 | Create | Villager (Male) |
| 11:27 | Create | Villager (Male) |
| 12:33 | Research | Double-Bit Axe |
| 12:35 | Research | Horse Collar |
| 12:54 | Build | Blacksmith |
| 12:57 | Build | Market |
| 13:16 | Create | Villager (Male) |
| 13:38 | Build | House |
| 13:42 | Create | Villager (Male) |
| 14:01 | Research | Loom |
| 14:35 | Create | Villager (Male) |
| 14:57 | Create | Villager (Male) |
| 15:35 | Build | Farm |
| 15:39 | Build | Farm |
| 15:45 | Research | Castle Age |
| 15:55 | Build | Farm |
| 16:15 | Build | Farm |
| 16:15 | Build | Farm |
| 16:15 | Build | Farm |
| 16:15 | Build | Farm |
| 16:21 | Build | Farm |
| 16:36 | Build | House |
| 17:13 | Build | House |
| 17:51 | Build | House |
| 18:39 | Create | Villager (Male) |
| 18:39 | Create | Villager (Male) |
| 18:43 | Create | Villager (Male) |
| 18:43 | Create | Villager (Male) |
| 18:58 | Build | Monastery |
| 19:17 | Create | Villager (Male) |
| 19:17 | Create | Villager (Male) |
| 19:21 | Build | House |
| 19:25 | Create | Trade Cart |
| 19:27 | Create | Trade Cart |
| 19:43 | Build | Town Center |
| 19:49 | Build | Town Center |
| 20:02 | Create | Monk |
| 20:13 | Create | Villager (Male) |
| 20:13 | Create | Villager (Male) |
| 20:56 | Build | House |
| 20:56 | Build | House |
| 21:28 | Create | Villager (Male) |
| 21:31 | Create | Villager (Male) |
| 21:31 | Create | Villager (Male) |
| 21:31 | Create | Villager (Male) |
| 21:38 | Build | Farm |
| 21:38 | Build | Farm |
| 21:38 | Build | Farm |
| 21:39 | Build | Farm |
| 21:43 | Build | Farm |
| 21:43 | Build | Farm |
| 21:43 | Build | Farm |
| 21:43 | Build | Farm |
| 21:53 | Build | Farm |
| 22:04 | Build | Farm |
| 22:07 | Build | Farm |
| 22:08 | Create | Villager (Male) |
| 22:08 | Create | Villager (Male) |
| 22:09 | Create | Villager (Male) |
| 22:09 | Create | Villager (Male) |
| 22:10 | Create | Villager (Male) |
| 22:10 | Create | Villager (Male) |
| 22:15 | Create | Villager (Male) |
| 22:15 | Create | Villager (Male) |
| 22:19 | Build | Mining Camp |
| 22:48 | Build | House |
| 23:18 | Create | Villager (Male) |
| 23:18 | Create | Villager (Male) |
| 23:19 | Create | Villager (Male) |
| 23:19 | Create | Villager (Male) |
| 23:21 | Research | Coinage |
| 23:25 | Build | House |
| 23:28 | Create | Villager (Male) |
| 23:28 | Create | Villager (Male) |
| 23:30 | Create | Villager (Male) |
| 23:30 | Create | Villager (Male) |
| 23:31 | Create | Villager (Male) |
| 23:31 | Create | Villager (Male) |
| 23:34 | Create | Villager (Male) |
| 23:34 | Create | Villager (Male) |
| 23:43 | Research | Wheelbarrow |
| 23:52 | Build | Mining Camp |
| 23:57 | Build | Lumber Camp |
| 24:06 | Build | Siege Workshop |
| 24:17 | Build | House |
| 24:34 | Build | Barracks |
| 24:52 | Build | Siege Workshop |
| 24:55 | Create | Scorpion |
| 25:00 | Create | Scorpion |
| 25:05 | Build | House |
| 25:15 | Create | Villager (Male) |
| 25:16 | Create | Villager (Male) |
| 25:16 | Create | Villager (Male) |
| 25:27 | Research | Gold Mining |
| 25:37 | Build | Barracks |
| 25:49 | Build | Siege Workshop |
| 25:57 | Build | House |
| 26:04 | Create | Villager (Male) |
| 26:05 | Create | Villager (Male) |
| 26:05 | Create | Villager (Male) |
| 26:11 | Create | Villager (Male) |
| 26:11 | Create | Villager (Male) |
| 26:11 | Create | Villager (Male) |
| 26:33 | Build | Barracks |
| 26:37 | Build | House |
| 26:39 | Build | House |
| 26:40 | Build | House |
| 26:43 | Create | Villager (Male) |
| 26:44 | Create | Villager (Male) |
| 26:44 | Create | Villager (Male) |
| 26:45 | Create | Villager (Male) |
| 27:12 | Build | Stable |
| 27:19 | Create | Scorpion |
| 27:19 | Create | Scorpion |
Build order — AgentVENM300
First 150 of 528 actions detected
| 0:07 | Create | Villager (Male) |
| 0:07 | Create | Villager (Male) |
| 0:08 | Create | Villager (Male) |
| 0:09 | Create | Villager (Male) |
| 0:10 | Research | Loom |
| 0:19 | Build | House |
| 0:29 | Build | House |
| 1:36 | Build | House |
| 2:18 | Build | Mill |
| 2:50 | Build | Lumber Camp |
| 2:55 | Create | Villager (Male) |
| 3:24 | Create | Villager (Male) |
| 4:00 | Create | Villager (Male) |
| 4:50 | Build | Mining Camp |
| 4:56 | Create | Villager (Male) |
| 5:04 | Create | Villager (Male) |
| 5:25 | Create | Villager (Male) |
| 6:03 | Create | Villager (Male) |
| 6:14 | Create | Villager (Male) |
| 7:02 | Create | Villager (Male) |
| 7:02 | Create | Villager (Male) |
| 7:22 | Create | Villager (Male) |
| 8:03 | Create | Villager (Male) |
| 8:05 | Create | Villager (Male) |
| 8:18 | Build | House |
| 8:24 | Build | House |
| 8:28 | Build | House |
| 8:30 | Build | House |
| 9:51 | Build | Mining Camp |
| 9:55 | Build | Mining Camp |
| 10:00 | Build | Mining Camp |
| 11:21 | Research | Feudal Age |
| 11:51 | Build | Mining Camp |
| 12:08 | Create | Villager (Male) |
| 12:09 | Create | Villager (Male) |
| 12:09 | Create | Villager (Male) |
| 12:18 | Build | Farm |
| 12:18 | Build | Farm |
| 12:18 | Build | Farm |
| 12:18 | Build | Farm |
| 12:18 | Build | Farm |
| 12:18 | Build | Farm |
| 12:18 | Build | Farm |
| 12:18 | Build | Farm |
| 12:18 | Build | Farm |
| 12:18 | Build | Farm |
| 12:18 | Build | Farm |
| 12:18 | Build | Farm |
| 12:18 | Build | Farm |
| 12:18 | Build | Farm |
| 12:18 | Build | Farm |
| 12:22 | Build | House |
| 12:24 | Build | House |
| 12:28 | Build | House |
| 13:04 | Build | Farm |
| 13:04 | Build | Farm |
| 13:04 | Build | Farm |
| 13:04 | Build | Farm |
| 13:04 | Build | Farm |
| 13:04 | Build | Farm |
| 13:10 | Create | Villager (Male) |
| 13:50 | Build | Farm |
| 13:50 | Build | Farm |
| 13:50 | Build | Farm |
| 13:50 | Build | Farm |
| 13:50 | Build | Farm |
| 13:51 | Build | Farm |
| 13:51 | Build | Farm |
| 13:51 | Build | Farm |
| 13:51 | Build | Farm |
| 13:56 | Build | Farm |
| 13:56 | Build | Farm |
| 13:56 | Build | Farm |
| 13:56 | Build | Farm |
| 14:17 | Research | Horse Collar |
| 14:41 | Build | Farm |
| 14:42 | Build | Farm |
| 14:42 | Build | Farm |
| 14:42 | Build | Farm |
| 14:42 | Build | Farm |
| 14:42 | Build | Farm |
| 14:42 | Build | Farm |
| 14:59 | Create | Villager (Male) |
| 15:11 | Build | Farm |
| 15:11 | Build | Farm |
| 15:11 | Build | Farm |
| 15:11 | Build | Farm |
| 15:11 | Build | Farm |
| 15:36 | Build | Farm |
| 15:36 | Build | Farm |
| 15:36 | Build | Farm |
| 15:36 | Build | Farm |
| 15:46 | Research | Town Watch |
| 16:29 | Research | Gold Mining |
| 16:44 | Research | Stone Mining |
| 17:16 | Research | Double-Bit Axe |
| 17:37 | Create | Villager (Male) |
| 18:00 | Build | Lumber Camp |
| 18:02 | Build | Farm |
| 18:02 | Build | Farm |
| 18:02 | Build | Farm |
| 18:02 | Build | Farm |
| 18:03 | Create | Villager (Male) |
| 18:03 | Create | Villager (Male) |
| 18:04 | Create | Villager (Male) |
| 18:28 | Build | Farm |
| 18:28 | Build | Farm |
| 18:28 | Build | Farm |
| 18:30 | Create | Villager (Male) |
| 18:53 | Build | Farm |
| 18:55 | Create | Villager (Male) |
| 18:56 | Create | Villager (Male) |
| 18:56 | Create | Villager (Male) |
| 19:17 | Build | Market |
| 19:28 | Create | Villager (Male) |
| 19:29 | Create | Villager (Male) |
| 19:29 | Create | Villager (Male) |
| 19:29 | Create | Villager (Male) |
| 19:43 | Build | Farm |
| 20:01 | Create | Villager (Male) |
| 20:27 | Build | Stone Wall |
| 20:33 | Build | Farm |
| 20:35 | Research | Wheelbarrow |
| 21:35 | Build | Gate |
| 21:37 | Build | Farm |
| 21:37 | Build | Farm |
| 21:37 | Build | Farm |
| 21:38 | Build | Farm |
| 21:38 | Build | Farm |
| 21:38 | Build | Farm |
| 21:38 | Build | Farm |
| 21:38 | Build | Farm |
| 21:41 | Create | Villager (Male) |
| 21:42 | Create | Villager (Male) |
| 21:42 | Create | Villager (Male) |
| 21:42 | Create | Villager (Male) |
| 21:43 | Create | Villager (Male) |
| 21:43 | Create | Villager (Male) |
| 21:43 | Create | Villager (Male) |
| 21:46 | Build | Farm |
| 21:51 | Build | Farm |
| 21:51 | Build | Farm |
| 21:51 | Build | Farm |
| 21:51 | Build | Farm |
| 21:51 | Build | Farm |
| 21:51 | Build | Farm |
| 21:51 | Build | Farm |
| 21:51 | Build | Farm |
| 21:51 | Build | Farm |
| 21:51 | Build | Farm |
Build order — Philbo
First 150 of 258 actions detected
| 0:48 | Build | House |
| 0:49 | Build | House |
| 2:00 | Create | Villager (Male) |
| 2:39 | Build | House |
| 2:42 | Build | House |
| 2:55 | Create | Villager (Male) |
| 3:15 | Create | Villager (Male) |
| 3:38 | Create | Villager (Male) |
| 3:59 | Create | Villager (Male) |
| 4:23 | Create | Villager (Male) |
| 4:57 | Create | Villager (Male) |
| 4:58 | Create | Villager (Male) |
| 5:34 | Create | Villager (Male) |
| 6:04 | Build | Lumber Camp |
| 6:10 | Create | Villager (Male) |
| 7:43 | Build | Mill |
| 7:47 | Create | Villager (Male) |
| 7:47 | Create | Villager (Male) |
| 8:26 | Create | Villager (Male) |
| 8:43 | Create | Villager (Male) |
| 9:15 | Create | Villager (Male) |
| 9:55 | Create | Villager (Male) |
| 9:55 | Create | Villager (Male) |
| 10:48 | Create | Villager (Male) |
| 11:09 | Research | Feudal Age |
| 11:26 | Build | Mill |
| 11:36 | Build | Mill |
| 12:31 | Build | Barracks |
| 13:28 | Research | Double-Bit Axe |
| 13:30 | Create | Villager (Male) |
| 13:30 | Create | Villager (Male) |
| 13:30 | Create | Villager (Male) |
| 13:31 | Create | Villager (Male) |
| 13:38 | Build | Stone Wall |
| 13:56 | Build | Gate |
| 14:17 | Create | Villager (Male) |
| 14:32 | Build | Mining Camp |
| 14:55 | Build | Market |
| 15:16 | Create | Villager (Male) |
| 15:16 | Create | Villager (Male) |
| 15:24 | Build | Blacksmith |
| 15:27 | Create | Villager (Male) |
| 15:58 | Build | Stone Wall |
| 16:12 | Build | House |
| 16:13 | Build | House |
| 16:14 | Build | House |
| 16:15 | Build | House |
| 16:16 | Build | House |
| 16:33 | Build | Mining Camp |
| 16:57 | Build | Stone Wall |
| 17:10 | Research | Castle Age |
| 17:18 | Build | Farm |
| 17:29 | Build | Farm |
| 17:50 | Build | Farm |
| 18:24 | Create | Spearman |
| 18:24 | Create | Spearman |
| 18:24 | Create | Spearman |
| 19:08 | Build | Farm |
| 19:12 | Research | Horse Collar |
| 19:24 | Build | Farm |
| 19:40 | Build | Stone Wall |
| 20:08 | Create | Villager (Male) |
| 20:17 | Build | Farm |
| 20:17 | Build | Farm |
| 20:18 | Build | Farm |
| 20:20 | Build | Farm |
| 20:40 | Build | Town Center |
| 20:45 | Create | Villager (Male) |
| 21:02 | Create | Villager (Male) |
| 21:52 | Create | Villager (Male) |
| 21:54 | Create | Villager (Male) |
| 22:07 | Create | Villager (Male) |
| 22:59 | Build | Farm |
| 23:00 | Build | Farm |
| 23:02 | Build | Farm |
| 23:03 | Build | Farm |
| 23:07 | Build | Farm |
| 23:09 | Create | Villager (Male) |
| 23:09 | Create | Villager (Male) |
| 23:09 | Create | Villager (Male) |
| 23:32 | Build | Stone Wall |
| 23:43 | Build | Farm |
| 23:49 | Build | Farm |
| 23:52 | Create | Villager (Male) |
| 23:58 | Research | Wheelbarrow |
| 24:13 | Build | Farm |
| 24:19 | Create | Villager (Male) |
| 24:19 | Create | Villager (Male) |
| 24:29 | Build | Farm |
| 24:33 | Create | Villager (Male) |
| 24:33 | Create | Villager (Male) |
| 25:08 | Build | University |
| 25:33 | Build | Farm |
| 25:34 | Create | Villager (Male) |
| 25:35 | Create | Villager (Male) |
| 25:38 | Create | Villager (Male) |
| 25:38 | Create | Villager (Male) |
| 25:42 | Research | Bow Saw |
| 26:15 | Build | Monastery |
| 26:42 | Research | Fortified Wall (upgrade) |
| 26:49 | Build | Farm |
| 27:00 | Create | Villager (Male) |
| 27:01 | Create | Villager (Male) |
| 27:05 | Create | Villager (Male) |
| 27:05 | Create | Villager (Male) |
| 27:21 | Research | Heavy Plow |
| 27:46 | Build | Gate |
| 27:49 | Create | Villager (Male) |
| 27:51 | Research | Hand Cart |
| 28:09 | Build | Archery Range |
| 28:13 | Create | Villager (Male) |
| 28:20 | Build | Farm |
| 28:21 | Build | Farm |
| 28:25 | Create | Villager (Male) |
| 28:25 | Create | Villager (Male) |
| 28:26 | Create | Villager (Male) |
| 28:27 | Create | Villager (Male) |
| 28:32 | Build | Farm |
| 28:35 | Create | Villager (Male) |
| 28:49 | Build | Farm |
| 29:18 | Build | Castle |
| 29:34 | Build | House |
| 29:35 | Build | House |
| 29:35 | Build | House |
| 29:37 | Build | House |
| 29:39 | Build | House |
| 29:41 | Build | House |
| 29:58 | Build | Archery Range |
| 31:36 | Build | Siege Workshop |
| 31:47 | Build | Barracks |
| 31:51 | Build | Farm |
| 31:59 | Research | Imperial Age |
| 32:08 | Research | Thumb Ring |
| 32:09 | Research | Crossbowman (upgrade) |
| 32:37 | Research | Stone Mining |
| 32:39 | Research | Gold Mining |
| 32:51 | Research | Forging |
| 32:51 | Research | Padded Archer Armor |
| 32:52 | Research | Fletching |
| 32:53 | Research | Scale Mail Armor |
| 33:14 | Create | Villager (Male) |
| 33:14 | Create | Villager (Male) |
| 33:14 | Create | Villager (Male) |
| 33:14 | Create | Villager (Male) |
| 33:28 | Create | Villager (Male) |
| 33:29 | Create | Villager (Male) |
| 33:29 | Create | Villager (Male) |
| 33:34 | Create | Chu Ko Nu |
| 33:34 | Create | Chu Ko Nu |
| 33:35 | Create | Chu Ko Nu |
Build order — Schweats87
First 150 of 353 actions detected
| 0:18 | Build | House |
| 0:22 | Create | Villager (Male) ×4 |
| 0:25 | Research | Loom |
| 2:05 | Create | Villager (Male) |
| 2:54 | Create | Villager (Male) |
| 2:55 | Create | Villager (Male) |
| 3:06 | Build | House |
| 3:13 | Build | House |
| 3:27 | Create | Villager (Male) |
| 3:49 | Create | Villager (Male) |
| 4:23 | Build | Mill |
| 4:30 | Create | Villager (Male) |
| 4:39 | Build | House |
| 4:46 | Create | Villager (Male) |
| 5:19 | Build | Lumber Camp |
| 5:26 | Create | Villager (Male) |
| 5:39 | Create | Villager (Male) |
| 6:02 | Create | Villager (Male) |
| 6:14 | Build | Mining Camp |
| 6:21 | Create | Villager (Male) ×3 |
| 7:12 | Create | Villager (Male) |
| 7:30 | Build | House |
| 7:32 | Build | House |
| 7:41 | Create | Villager (Male) |
| 7:41 | Create | Villager (Male) |
| 7:42 | Create | Villager (Male) |
| 7:42 | Create | Villager (Male) |
| 7:55 | Build | House |
| 7:57 | Build | House |
| 8:08 | Build | House |
| 9:46 | Create | Villager (Male) |
| 10:00 | Build | Barracks |
| 10:16 | Create | Villager (Male) |
| 11:34 | Build | Farm |
| 11:41 | Build | Farm |
| 11:48 | Build | Farm |
| 11:55 | Build | Farm |
| 11:59 | Research | Feudal Age |
| 12:19 | Build | Farm |
| 13:29 | Create | Villager (Male) |
| 13:30 | Create | Villager (Male) |
| 13:30 | Create | Villager (Male) |
| 13:31 | Create | Villager (Male) |
| 13:31 | Create | Villager (Male) |
| 14:23 | Build | House |
| 14:30 | Create | Villager (Male) |
| 14:31 | Create | Villager (Male) |
| 14:31 | Create | Villager (Male) |
| 14:32 | Create | Villager (Male) |
| 14:33 | Create | Villager (Male) |
| 14:49 | Research | Double-Bit Axe |
| 14:55 | Research | Horse Collar |
| 15:00 | Research | Gold Mining |
| 15:05 | Research | Stone Mining |
| 16:06 | Build | Mining Camp |
| 16:41 | Build | Mining Camp |
| 17:03 | Create | Villager (Male) |
| 17:04 | Create | Villager (Male) |
| 17:04 | Create | Villager (Male) |
| 17:04 | Build | Farm |
| 17:04 | Build | Farm |
| 17:04 | Build | Farm |
| 17:04 | Build | Farm |
| 17:04 | Build | Farm |
| 17:04 | Build | Farm |
| 17:04 | Create | Villager (Male) |
| 17:05 | Create | Villager (Male) |
| 17:27 | Build | Farm |
| 17:27 | Build | Farm |
| 17:27 | Build | Farm |
| 17:27 | Build | Farm |
| 17:27 | Build | Farm |
| 17:27 | Build | Farm |
| 17:27 | Build | Farm |
| 17:27 | Build | Farm |
| 17:27 | Build | Farm |
| 17:27 | Build | Farm |
| 17:54 | Build | Farm |
| 17:54 | Build | Farm |
| 17:54 | Build | Farm |
| 17:54 | Build | Farm |
| 17:54 | Build | Farm |
| 17:54 | Build | Farm |
| 17:54 | Build | Farm |
| 17:54 | Build | Farm |
| 17:54 | Build | Farm |
| 17:54 | Build | Farm |
| 17:54 | Build | Farm |
| 18:04 | Research | Town Watch |
| 18:08 | Build | Farm |
| 18:08 | Build | Farm |
| 18:08 | Build | Farm |
| 18:08 | Build | Farm |
| 18:08 | Build | Farm |
| 18:08 | Build | Farm |
| 18:19 | Build | Farm |
| 18:19 | Build | Farm |
| 18:19 | Build | Farm |
| 18:19 | Build | Farm |
| 18:19 | Build | Farm |
| 18:19 | Build | Farm |
| 18:19 | Build | Farm |
| 18:19 | Build | Farm |
| 18:43 | Build | Farm |
| 18:43 | Build | Farm |
| 18:43 | Build | Farm |
| 18:44 | Build | Farm |
| 18:44 | Build | Farm |
| 18:44 | Build | Farm |
| 18:44 | Build | Farm |
| 18:44 | Build | Farm |
| 18:44 | Build | Farm |
| 18:44 | Build | Farm |
| 18:44 | Build | Farm |
| 18:44 | Build | Farm |
| 18:44 | Build | Farm |
| 18:44 | Build | Farm |
| 18:57 | Create | Spearman |
| 18:58 | Create | Spearman |
| 18:58 | Create | Spearman |
| 19:08 | Build | Farm |
| 19:08 | Build | Farm |
| 19:08 | Build | Farm |
| 19:08 | Build | Farm |
| 19:08 | Build | Farm |
| 19:08 | Build | Farm |
| 19:08 | Build | Farm |
| 19:08 | Build | Farm |
| 19:09 | Build | Farm |
| 19:09 | Build | Farm |
| 19:09 | Build | Farm |
| 19:09 | Build | Farm |
| 19:09 | Build | Farm |
| 19:09 | Build | Farm |
| 19:24 | Build | Farm |
| 19:24 | Build | Farm |
| 19:24 | Build | Farm |
| 19:24 | Build | Farm |
| 19:24 | Build | Farm |
| 19:24 | Build | Farm |
| 19:35 | Build | Farm |
| 19:48 | Build | Farm |
| 19:48 | Build | Farm |
| 19:48 | Build | Farm |
| 19:49 | Build | Farm |
| 19:49 | Build | Farm |
| 19:49 | Build | Farm |
| 20:00 | Build | Farm |
| 20:45 | Build | Archery Range |
| 20:57 | Create | Villager (Male) |
Build order — CrappyMike87
First 150 of 292 actions detected
| 0:03 | Create | Villager (Male) ×4 |
| 0:06 | Build | House |
| 0:35 | Build | House |
| 1:39 | Create | Villager (Male) |
| 1:44 | Research | Loom |
| 2:18 | Create | Villager (Male) |
| 2:36 | Create | Villager (Male) |
| 3:02 | Build | Mining Camp |
| 3:14 | Create | Villager (Male) |
| 3:34 | Build | House |
| 3:35 | Build | House |
| 3:49 | Create | Villager (Male) |
| 4:37 | Create | Villager (Male) |
| 5:00 | Create | Villager (Male) |
| 5:35 | Create | Villager (Male) |
| 6:08 | Create | Villager (Male) |
| 6:25 | Build | Mill |
| 6:59 | Create | Villager (Male) |
| 7:31 | Create | Villager (Male) |
| 7:56 | Create | Villager (Male) |
| 8:54 | Create | Villager (Male) ×5 |
| 8:54 | Create | Villager (Male) |
| 10:00 | Build | Lumber Camp |
| 10:29 | Research | Feudal Age |
| 10:29 | Research | Feudal Age |
| 11:20 | Build | Farm |
| 11:22 | Build | Farm |
| 11:23 | Build | Farm |
| 12:44 | Create | Villager (Male) |
| 12:44 | Create | Villager (Male) |
| 12:55 | Build | House |
| 12:57 | Build | House |
| 13:13 | Build | House |
| 13:20 | Build | Farm |
| 13:26 | Create | Villager (Male) |
| 13:27 | Create | Villager (Male) |
| 13:40 | Build | Farm |
| 13:55 | Build | Barracks |
| 14:02 | Create | Villager (Male) |
| 14:02 | Create | Villager (Male) |
| 14:55 | Create | Villager (Male) |
| 14:56 | Create | Villager (Male) |
| 15:32 | Build | Market |
| 15:57 | Create | Villager (Male) |
| 16:02 | Research | Wheelbarrow |
| 16:15 | Build | Farm |
| 16:19 | Build | Farm |
| 16:25 | Build | Farm |
| 17:19 | Build | Blacksmith |
| 17:45 | Build | Farm |
| 18:06 | Research | Castle Age |
| 18:24 | Build | Stone Wall |
| 19:09 | Build | Mining Camp |
| 19:22 | Create | Militia ×4 |
| 19:50 | Create | Militia |
| 19:50 | Create | Militia |
| 20:23 | Build | Stone Wall |
| 20:31 | Create | Villager (Male) ×3 |
| 21:17 | Build | Town Center |
| 21:21 | Research | Double-Bit Axe |
| 21:31 | Build | Farm |
| 21:52 | Build | Farm |
| 21:57 | Build | Farm |
| 21:58 | Build | Farm |
| 21:59 | Build | Farm |
| 22:08 | Create | Villager (Male) ×3 |
| 22:08 | Create | Villager (Male) |
| 22:32 | Create | Villager (Male) |
| 22:32 | Create | Villager (Male) |
| 22:36 | Build | Farm |
| 22:48 | Build | Outpost |
| 22:56 | Build | Stone Wall |
| 23:03 | Create | Militia ×2 |
| 23:18 | Create | Militia |
| 23:18 | Create | Militia |
| 23:26 | Build | Farm |
| 23:43 | Build | Farm |
| 23:59 | Create | Villager (Male) ×3 |
| 24:24 | Build | Palisade Wall |
| 24:34 | Build | Stone Wall |
| 24:49 | Create | Villager (Male) ×5 |
| 24:55 | Build | House |
| 24:57 | Build | House |
| 24:59 | Build | House |
| 25:00 | Build | House |
| 25:03 | Build | House |
| 25:23 | Build | Farm |
| 25:29 | Build | House |
| 25:31 | Build | House |
| 25:32 | Build | House |
| 25:35 | Build | House |
| 25:46 | Create | Villager (Male) ×4 |
| 26:09 | Create | Trade Cart |
| 26:15 | Create | Militia ×2 |
| 26:30 | Build | Castle |
| 26:42 | Create | Villager (Male) ×3 |
| 26:42 | Create | Villager (Male) |
| 26:50 | Build | Farm |
| 27:21 | Research | Man-at-Arms (upgrade) |
| 27:29 | Research | Scale Mail Armor |
| 27:39 | Build | Stable |
| 27:45 | Build | Stable |
| 27:54 | Build | Farm |
| 28:15 | Research | Long Swordsman (upgrade) |
| 28:33 | Create | Villager (Male) ×3 |
| 28:40 | Build | Farm |
| 28:46 | Create | Trade Cart ×3 |
| 28:46 | Create | Trade Cart |
| 28:57 | Build | Stone Wall |
| 29:09 | Create | Knight ×3 |
| 29:36 | Create | Mangudai ×5 |
| 29:58 | Build | Outpost |
| 30:05 | Build | House |
| 30:06 | Build | House |
| 30:07 | Build | House |
| 30:09 | Build | House |
| 30:15 | Build | House |
| 30:37 | Build | House |
| 30:39 | Build | House |
| 30:41 | Build | House |
| 31:01 | Research | Hand Cart |
| 31:22 | Build | Town Center |
| 31:27 | Create | Trade Cart ×2 |
| 31:27 | Create | Trade Cart |
| 32:03 | Build | Palisade Wall |
| 32:15 | Build | Palisade Wall |
| 32:41 | Build | Farm |
| 32:45 | Build | Farm |
| 32:56 | Build | Farm |
| 33:06 | Research | Bow Saw |
| 33:22 | Research | Squires |
| 33:23 | Research | Arson |
| 33:43 | Build | Stable |
| 33:46 | Build | Stable |
| 33:49 | Build | Stable |
| 33:53 | Build | Stable |
| 34:10 | Build | Farm |
| 34:19 | Build | Stone Wall |
| 34:40 | Create | Villager (Male) ×15 |
| 34:40 | Create | Villager (Male) |
| 34:41 | Create | Villager (Male) ×9 |
| 35:02 | Build | Lumber Camp |
| 35:21 | Create | Steppe Lancer ×4 |
| 37:05 | Create | Knight ×4 |
| 37:22 | Create | Villager (Male) ×11 |
| 38:40 | Create | Petard |
| 38:41 | Create | Petard |
| 38:41 | Create | Petard |
| 38:42 | Create | Petard |
| 38:42 | Create | Petard |
Match timeline
| 9:38 | ostiinn · first_building Barracks |
| 10:00 | Schweats87 · first_building Barracks |
| 12:31 | Philbo · first_building Barracks |
| 13:38 | Philbo · wall_segment Stone Wall x8 |
| 13:38 | ostiinn · wall_segment Stone Wall x22 |
| 13:55 | CrappyMike87 · first_building Barracks |
| 15:51 | Burger King · wall_segment Stone Wall x1 |
| 15:58 | Philbo · wall_segment Stone Wall x8 |
| 16:57 | Philbo · wall_segment Stone Wall x12 |
| 17:15 | ostiinn · first_market_buy 100 wood |
| 17:23 | Burger King · wall_segment Stone Wall x4 |
| 17:53 | ostiinn · first_market_sell 100 food |
| 18:24 | CrappyMike87 · wall_segment Stone Wall x22 |
| 18:58 | Himothy The II · first_building Monastery |
| 19:40 | Philbo · wall_segment Stone Wall x29 |
| 19:44 | ostiinn · wall_segment Stone Wall x13 |
| 20:23 | CrappyMike87 · wall_segment Stone Wall x14 |
| 20:27 | AgentVENM300 · wall_segment Stone Wall x11 |
| 20:29 | Philbo · first_market_buy 100 stone |
| 20:32 | ostiinn · first_building Stable |
| 20:45 | Schweats87 · first_building Archery Range |
| 21:48 | Himothy The II · first_market_buy 100 wood |
| 21:52 | ostiinn · wall_segment Stone Wall x15 |
| 22:41 | AgentVENM300 · first_building Barracks |
| 22:56 | CrappyMike87 · wall_segment Stone Wall x3 |
| 23:15 | FredDaddy · first_building Barracks |
| 23:32 | Philbo · wall_segment Stone Wall x15 |
| 24:06 | Himothy The II · first_building Siege Workshop |
| 24:24 | CrappyMike87 · wall_segment Palisade Wall x11 |
| 24:34 | CrappyMike87 · wall_segment Stone Wall x26 |
| 24:34 | Himothy The II · first_building Barracks |
| 26:15 | Philbo · first_building Monastery |
| 26:30 | CrappyMike87 · first_building Castle |
| 26:36 | Burger King · first_building Castle |
| 26:37 | AgentVENM300 · first_building Archery Range |
| 27:12 | Himothy The II · first_building Stable |
| 27:39 | CrappyMike87 · first_building Stable |
| 28:09 | Philbo · first_building Archery Range |
| 28:48 | Burger King · wall_segment Stone Wall x4 |
| 28:56 | Schweats87 · first_market_buy 100 wood |
| 28:57 | CrappyMike87 · wall_segment Stone Wall x3 |
| 29:07 | Burger King · wall_segment Stone Wall x4 |
| 29:18 | Philbo · first_building Castle |
| 29:37 | Himothy The II · first_building Castle |
| 30:10 | Burger King · wall_segment Stone Wall x9 |
| 30:53 | Schweats87 · first_building Castle |
| 31:06 | ostiinn · first_building Castle |
| 31:26 | Himothy The II · first_building Archery Range |
| 31:36 | Philbo · first_building Siege Workshop |
| 31:38 | ostiinn · first_building Monastery |
| 32:03 | CrappyMike87 · wall_segment Palisade Wall x8 |
| 32:15 | CrappyMike87 · wall_segment Palisade Wall x6 |
| 33:24 | AgentVENM300 · wall_segment Stone Wall x19 |
| 34:11 | FredDaddy · first_building Stable |
| 34:19 | CrappyMike87 · wall_segment Stone Wall x14 |
| 34:55 | FredDaddy · wall_segment Stone Wall x22 |
| 35:16 | Burger King · first_building Barracks |
| 37:17 | ostiinn · first_building Siege Workshop |
| 37:25 | FredDaddy · wall_segment Stone Wall x23 |
| 39:31 | Schweats87 · first_market_sell 100 food |
| 39:33 | FredDaddy · wall_segment Stone Wall x13 |
| 40:00 | FredDaddy · first_building Monastery |
| 40:04 | AgentVENM300 · first_building Stable |
| 42:06 | AgentVENM300 · first_building Siege Workshop |
| 42:36 | CrappyMike87 · first_market_sell 100 wood |
| 43:13 | FredDaddy · first_building Castle |
| 45:20 | AgentVENM300 · first_building Castle |
| 45:43 | Burger King · first_building Siege Workshop |
| 50:22 | CrappyMike87 · resign |
[ AI ANALYSIS · 1 CREDIT ]
What really happened in this match?
Wolo.gg analyzes every decision: build order, eco, micro, common mistakes by bracket. Personalized analysis on WhatsApp or Discord in 30 seconds.
Civ guide
Portuguese
Perfil
Jugador #389596